Map: Bel'Shir Vestige LE (Void)

Players

SortOf

  • Race: Zerg Zerg
  • Spawn Location: 5:00

Elazer - Winner!

  • Race: Zerg Zerg
  • Spawn Location: 11:00

Event: IEM XI Katowice - World Championship 2017

VOD

Have the link to the VOD?

Description

Time

  • Played on: Feb. 27, 2017, 12:31 p.m.
  • Length: 18:23

All games in this series

Show
View Real Time Build Order
Export as new Build Order

SortOf Zerg 

Build Orders: Pool First 

Get SALT Encoding   

  12  0:00  Drone  
  13  0:12  Overlord  
  13  0:18  Drone  
  14  0:30  Drone x2  
  16  0:40  Spawning Pool  
  15  0:43  Drone  
  15  0:46  Extractor  
  15  0:49  Drone  
  16  0:57  Drone  
  17  1:14  Hatchery  
  16  1:27  Zergling x4  
  16  1:28  Zergling x2  
  19  1:38  Queen  
  21  1:47  Metabolic Boost  
  21  1:54  Overlord  
  21  1:58  Zergling x2  
  22  2:13  Zergling x2, Queen  
  22  2:14  Zergling x2  
  26  2:23  Zergling x2  
  29  2:33  Zergling x2, Drone  
  29  2:40  Zergling x2  
  29  2:46  Zergling x2  
  29  2:47  Zergling x4  
  29  2:51  Overlord  
  30  2:52  Zergling x2  
  30  2:55  Zergling x2  
  32  3:00  Zergling x2  
  33  3:07  Zergling x2  
  34  3:14  Zergling x2  
  34  3:18  Overlord  
  35  3:21  Drone  
  35  3:22  Drone x3  
  35  3:23  Drone  
  35  3:25  Drone  
  41  3:33  Drone x2  
  42  3:34  Drone  
  43  3:41  Baneling Nest  
  43  3:45  Drone  
  43  3:57  Drone x2  
  45  4:03  Zergling x2, Overlord  
  45  4:04  Drone x3  
  45  4:06  Drone  
  45  4:09  Drone  
  51  4:12  Drone  
  51  4:15  Drone  
  51  4:21  Queen  
  51  4:25  Zergling x4  
  51  4:26  Baneling x3  
  51  4:28  Baneling x2  
  53  4:33  Overlord  
  53  4:37  Baneling  
  53  4:39  Drone x2  
  53  4:42  Zergling x2  
  53  4:43  Zergling x6  
  59  4:52  Overlord  
  59  4:54  Zergling x4  
  61  5:02  Hatchery  
  61  5:14  Drone x2  
  61  5:15  Drone  
  61  5:16  Extractor  
  61  5:18  Roach Warren  
  61  5:19  Drone x2  
  62  5:27  Overlord, Evolution Chamber  
  61  5:32  Overlord  
  61  5:33  Drone x2  
  63  5:39  Lair  
  63  5:42  Overlord  
  63  5:44  Overlord  
  63  5:46  Extractor  
  63  5:48  Drone x3  
  64  6:03  Roach  
  66  6:04  Zerg Missile Weapons Level 1  
  66  6:05  Drone x3  
  64  6:25  Roach x2, Drone x6  
  70  6:26  Overlord  
  70  6:28  Roach  
  68  6:36  Glial Reconstitution  
  68  6:39  Roach x2  
  74  6:40  Extractor, Roach  
  74  6:42  Overseer  
  73  6:48  Roach x3  
  73  6:51  Roach  
  73  6:52  Roach  
  82  6:59  Drone x3  
  84  7:05  Drone x3  
  84  7:06  Drone  
  87  7:13  Roach x4  
  95  7:16  Extractor  
  95  7:20  Overlord  
  92  7:27  Drone  
  92  7:28  Drone x4  
  97  7:31  Extractor  
  97  7:35  Overlord  
  96  7:39  Roach x2  
  96  7:42  Drone  
  96  7:43  Hatchery, Drone x7  
  107  7:46  Ravager x3  
  107  7:47  Ravager  
  107  7:50  Roach  
  113  7:52  Overlord x2  
  113  7:59  Overlord  
  113  8:01  Overlord  
  113  8:05  Overlord  
  113  8:10  Overlord  
  113  8:12  Pneumatized Carapace  
  113  8:15  Overlord  
  113  8:16  Roach  
  113  8:17  Roach x3  
  121  8:22  Roach x3  
  121  8:24  Ravager x2  
  129  8:28  Roach  
  129  8:29  Roach x2  
  129  8:31  Zerg Missile Weapons Level 2  
  135  8:37  Roach  
  135  8:38  Roach x2  
  135  8:39  Overlord  
  135  8:41  Overseer  
  141  8:46  Overlord  
  141  8:47  Overlord  
  143  8:48  Roach  
  143  8:49  Roach  
  143  8:50  Ravager  
  143  8:54  Roach x2  
  150  9:00  Roach x4  
  158  9:08  Infestation Pit, Roach x3  
  163  9:10  Ravager x2  
  163  9:15  Roach x3  
  171  9:23  Roach x5  
  181  9:29  Roach  
  181  9:30  Roach  
  182  9:33  Overlord  
  178  9:40  Overlord  
  178  9:43  Overlord  
  178  9:49  Overlord  
  178  9:57  Overlord  
  178  10:04  Roach x5  
  184  10:10  Queen  
  176  10:16  Drone x4  
  176  10:19  Roach x6  
  184  10:31  Roach x3  
  184  10:34  Overseer  
  190  10:40  Burrow  
  190  10:41  Hive  
  190  10:42  Ravager x2  
  192  10:43  Overlord  
  192  11:02  Hatchery  
  183  11:10  Overseer  
  161  11:16  Roach x9  
  161  11:17  Roach x9  
  195  11:23  Overseer x4  
  195  11:31  Roach  
  192  11:40  Hatchery  
  192  11:44  Ravager x2  
  192  11:47  Zerg Ground Armor Level 1  
  187  11:49  Evolution Chamber  
  187  11:50  Roach x8  
  190  12:04  Roach x5  
  200  12:23  Zerg Missile Weapons Level 3  
  200  12:27  Overlord  
  200  12:29  Overlord  
  200  12:43  Overlord  
  200  12:48  Overseer  
  200  12:54  Extractor  
  199  13:02  Roach x8  
  198  13:11  Ravager  
  198  13:12  Ravager  
  196  13:13  Ravager  
  197  13:23  Roach x2  
  199  13:27  Unknown  
  188  13:35  Roach x36  
  188  13:36  Roach x6  
  188  13:37  Roach x2  
  188  13:41  Hydralisk Den, Zerg Ground Armor Level 2  
  194  14:04  Drone x2  
  180  14:11  Roach x12  
  195  14:23  Roach x6  
  200  14:33  Roach x6  
  200  14:35  Overseer  
  200  14:49  Queen  
  195  14:56  Roach  
  195  14:57  Roach x8  
  190  15:01  Drone x3  
  190  15:02  Drone x5  
  198  15:11  Unknown x2  
  198  15:18  Roach  
  198  15:19  Roach x2  
  197  15:33  Roach x5  
  181  15:36  Roach  
  174  15:47  Roach  
  174  15:48  Roach x2  
  174  15:49  Queen  
  166  15:54  Queen  
  166  15:56  Overseer, Roach x3  
  142  16:01  Roach  
  130  16:05  Roach x4  
  130  16:09  Roach  
  134  16:15  Roach  
  130  16:20  Roach x6  
  130  16:23  Roach  
  140  16:26  Roach  
  133  16:39  Ravager x5  
  142  16:40  Ravager x2  
  142  16:43  Ravager  
  142  16:44  Ravager  
  142  16:45  Ravager  
  141  16:50  Ravager  
  141  16:51  Ravager x2  
  141  16:52  Ravager  
  135  17:10  Roach x3  
  132  17:25  Roach x2  
  132  17:27  Ravager  
  135  17:34  Roach  
  137  17:43  Roach  
  139  17:48  Overlord  
  120  18:02  Roach  
Show
View Real Time Build Order
Export as new Build Order

Elazer Zerg - Winner!

Build Orders: Pool First 

Get SALT Encoding   

  12  0:00  Drone  
  13  0:12  Overlord  
  13  0:16  Drone  
  14  0:30  Drone x2  
  14  0:34  Drone  
  17  0:44  Extractor  
  17  0:45  Drone  
  17  0:49  Spawning Pool  
  16  0:56  Drone  
  17  1:06  Drone  
  18  1:17  Hatchery  
  17  1:20  Drone  
  18  1:35  Queen  
  18  1:37  Zergling x2  
  21  1:44  Metabolic Boost  
  21  1:48  Overlord  
  21  1:52  Drone  
  22  2:08  Zergling x2  
  23  2:13  Queen  
  23  2:14  Baneling Nest  
  24  2:16  Zergling x2  
  25  2:23  Zergling x2  
  26  2:30  Zergling x2  
  27  2:41  Zergling x2  
  27  2:42  Zergling x2  
  29  2:46  Drone x3  
  32  2:51  Overlord  
  32  2:58  Drone  
  33  3:01  Drone  
  34  3:10  Zergling x2  
  35  3:15  Zergling x8  
  39  3:21  Queen  
  39  3:23  Zergling x2  
  39  3:24  Zergling x4  
  44  3:31  Baneling x2  
  44  3:35  Overlord  
  44  3:40  Baneling  
  43  3:41  Baneling  
  43  3:49  Overlord  
  43  3:52  Drone  
  43  3:53  Queen, Baneling x2  
  46  3:57  Zergling x6  
  46  4:02  Drone  
  50  4:04  Drone x2  
  50  4:08  Drone  
  53  4:12  Drone x2  
  53  4:16  Drone  
  52  4:19  Drone  
  53  4:26  Drone  
  53  4:27  Drone  
  53  4:29  Drone x2  
  57  4:34  Overlord  
  57  4:35  Drone  
  57  4:37  Drone  
  59  4:52  Drone  
  59  4:56  Overlord  
  59  4:58  Drone  
  60  5:00  Hatchery  
  58  5:14  Overlord  
  58  5:15  Drone x2  
  58  5:17  Extractor  
  58  5:19  Evolution Chamber, Drone x2  
  58  5:20  Roach Warren  
  58  5:22  Drone x3  
  61  5:29  Overlord  
  61  5:41  Drone x2  
  61  5:42  Drone x2  
  65  5:44  Lair  
  65  5:48  Zerg Missile Weapons Level 1  
  65  5:49  Overlord  
  65  5:50  Drone x2  
  65  5:51  Drone  
  65  5:54  Baneling  
  67  6:03  Overlord  
  66  6:14  Overlord  
  64  6:19  Roach x6  
  64  6:23  Overlord  
  73  6:26  Roach x3  
  77  6:33  Drone x5  
  77  6:38  Extractor x2  
  80  6:41  Overlord  
  80  6:42  Glial Reconstitution  
  80  6:43  Drone  
  80  6:45  Drone  
  82  6:48  Drone  
  83  6:54  Baneling x2  
  83  6:58  Roach  
  83  6:59  Roach x2  
  86  7:01  Roach  
  86  7:08  Overlord  
  86  7:09  Drone x7  
  86  7:14  Overlord  
  86  7:15  Drone  
  94  7:19  Overlord  
  93  7:24  Extractor  
  93  7:26  Roach x4  
  93  7:29  Ravager x2  
  102  7:35  Overlord  
  102  7:37  Hatchery, Ravager  
  103  7:39  Extractor  
  103  7:40  Unknown  
  103  7:42  Ravager  
  102  7:48  Roach x2  
  102  7:51  Roach  
  108  7:52  Roach  
  108  7:54  Overlord  
  112  7:58  Roach x2  
  112  7:59  Roach  
  112  8:02  Roach x2  
  112  8:03  Unknown, Roach  
  122  8:10  Roach x4  
  130  8:21  Roach x5  
  130  8:24  Roach x2  
  130  8:26  Overlord  
  144  8:29  Overlord  
  144  8:35  Roach  
  144  8:36  Roach x4  
  154  8:43  Roach  
  154  8:44  Roach x3  
  162  8:50  Roach  
  162  8:51  Roach x2  
  162  8:55  Drone x2  
  170  8:59  Ravager x3  
  170  9:02  Drone x3  
  176  9:05  Ravager  
  177  9:11  Zerg Missile Weapons Level 2  
  177  9:14  Unknown  
  175  9:23  Overlord  
  175  9:24  Roach  
  175  9:25  Roach x7  
  191  9:33  Overlord  
  191  9:35  Tunneling Claws  
  191  9:40  Burrow  
  191  9:43  Ravager  
  190  9:49  Roach x3  
  190  9:50  Roach  
  198  9:56  Overlord  
  196  10:00  Overlord  
  196  10:03  Overlord  
  196  10:06  Overlord x2  
  193  10:10  Infestation Pit  
  191  10:20  Roach x6  
  191  10:21  Roach x4  
  198  10:26  Overlord, Drone x2  
  194  10:29  Drone x2  
  194  10:35  Roach x19  
  198  10:36  Roach  
  190  11:08  Roach x16  
  190  11:11  Roach x8  
  172  11:14  Roach x3  
  172  11:15  Roach x6  
  194  11:20  Roach x3  
  200  11:31  Infestor x3, Zerg Ground Armor Level 1  
  190  11:43  Roach  
  190  11:44  Roach x6  
  198  11:53  Roach x3, Pneumatized Carapace  
  196  11:55  Infestor  
  184  12:09  Roach x7  
  184  12:10  Roach  
  200  12:31  Overseer  
  200  12:38  Overlord  
  200  12:42  Hive  
  200  12:43  Roach x16  
  200  12:44  Spine Crawler  
  199  12:45  Spine Crawler, Drone x2  
  199  12:46  Spine Crawler x2, Drone  
  199  12:47  Spine Crawler, Drone  
  191  13:00  Roach x7  
  195  13:08  Roach x2  
  195  13:22  Infestor x3  
  189  13:39  Roach x5  
  189  13:40  Roach x5  
  199  13:42  Ravager  
  199  13:47  Roach x3  
  199  13:48  Roach x2  
  200  13:58  Zerg Missile Weapons Level 3  
  192  14:12  Roach x9  
  200  14:23  Roach x2  
  200  14:24  Roach  
  196  14:25  Drone x4  
  195  14:39  Ravager x4  
  195  14:43  Overlord x2  
  187  14:53  Roach x6  
  194  15:03  Ravager x3  
  194  15:04  Ravager  
  194  15:05  Roach x2  
  196  15:24  Ravager  
  195  15:31  Roach x5  
  195  15:33  Roach  
  195  15:34  Roach x4  
  195  15:35  Roach x10  
  187  15:38  Unknown x16, Roach  
  187  15:39  Unknown  
  187  15:40  Queen x2, Unknown  
  179  15:46  Roach x5  
  175  15:50  Roach  
  175  15:56  Roach  
  162  15:58  Roach  
  162  15:59  Roach x5  
  152  16:04  Roach x3  
  147  16:12  Roach x3  
  147  16:13  Roach x7  
  167  16:19  Overlord  
  167  16:21  Roach  
  165  16:29  Roach x3  
  167  16:33  Roach  
  167  16:34  Roach x2  
  167  16:37  Roach  
  169  16:40  Roach x7  
  169  16:46  Roach x2  
  185  16:49  Infestor x2  
  185  16:50  Infestor  
  185  16:51  Roach x4  
  199  16:57  Hatchery  
  199  16:58  Overlord  
  192  17:11  Roach x7  
  200  17:20  Roach x8  
  194  17:38  Roach x3  
  180  17:59  Roach x4  
  180  18:01  Roach x8  

Tags
 
Add a new tag
Caveats
  • Supply blocks, unpowered buildings, or Contaminate may cause inaccurate times.
  • Supply counts are checked every 10 seconds.